AoeStats
← beneath mariana

Black Forest

510338757Analyzed
4v4 RM · 5h ago on Sep 30, 2026· 48m 20s· 8 players
Game mode
Random Map
Map size
Large (8 player)
Population
200
Speed
Normal
Resources
Standard
Victory
Conquest
Starting age
Dark Age
Ending age
Imperial Age
RankedLock teamsTeams togetherTeam positionsShared explorationLock speedFull tech treeHidden civsTurbo modeCheats
Victory
Defeat
🇩🇪 Portuguese · Germany
1690
+15
🇨🇳 Britons · China
1641
+17
🇫🇷 Varangians · France
1632
+18
🇦🇷 Saracens · Argentina
1631
+18
🇨🇭 Japanese · Switzerland
1762
-21
🇨🇿 Tatars · Czechia
1710
-19
🇻🇳 Franks · Vietnam
1697
-18
🇨🇳 Saxons · China
1505
-10
jAvi
11:17 Feudal Age
14:49 Castle Age
12:40 Double-Bit Axe
16:22 Bow Saw
16:19 Loom
17:50 Fishing Lines
23:45 Gillnets
25:04 Forging
25:37 Horse Collar
29:50 Wheelbarrow
30:17 Iron Casting
30:33 Scale Barding Armor
31:11 Husbandry
32:15 Chain Barding Armor
36:11 Imperial Age
34:17 Bloodlines
34:41 Fletching
35:33 Bodkin Arrow
36:11 Hand Cart
36:21 Padded Archer Armor
35:59 Elite Skirmisher
36:45 Thumb Ring
36:56 Bracer
37:33 Plate Barding Armor
38:30 Two-Man Saw
37:57 Ballistics
39:16 Blast Furnace
38:59 Conscription
39:43 Conscription
39:58 Leather Archer Armor
39:08 Light Cavalry
41:39 Ring Archer Armor
40:54 Heavy Camel Rider
43:10 Chemistry
42:14 Hussar
46:58 Caravan
47:07 Elite Mameluke
LM \ Molle
0:44 Loom
10:57 Feudal Age
12:27 Double-Bit Axe
17:24 Town Watch
22:14 Castle Age
20:38 Fishing Lines
20:45 Fishing Lines
22:14 Fletching
23:15 Bow Saw
25:12 Fletching
26:30 Bodkin Arrow
28:20 Wheelbarrow
33:15 Imperial Age
31:04 Gillnets
31:52 Caravan
34:08 Fortified Wall
33:57 Treadmill Crane
35:46 Chemistry
35:18 Hand Cart
34:49 Horse Collar
36:27 Fortified Wall
37:21 Siege Engineers
37:32 Heavy Plow
37:27 Gold Mining
37:28 Stone Mining
39:21 Arquebus
39:41 Conscription
40:05 Masonry
41:26 Bracer
42:03 Architecture
47:57 Elite Organ Gun
ElMaestro
10:54 Feudal Age
12:15 Loom
14:38 Castle Age
12:45 Double-Bit Axe
14:18 Fishing Lines
16:50 Bow Saw
19:22 Horse Collar
20:22 Wheelbarrow
20:29 Heavy Plow
22:03 Gillnets
23:18 Gold Mining
24:05 Stone Mining
24:32 Hand Cart
28:48 Imperial Age
26:40 Clinker Construction
26:53 Scale Barding Armor
26:59 Forging
29:01 Chain Barding Armor
29:17 Iron Casting
28:51 Caravan
30:50 Masonry
31:43 Chemistry
31:20 Bloodlines
31:11 Husbandry
31:47 Conscription
32:18 Crop Rotation
32:50 Two-Man Saw
31:15 Elite Jarl
32:39 Plate Barding Armor
33:12 Blast Furnace
32:30 Treadmill Crane
33:21 Architecture
32:43 Fletching
35:02 Ballistics
34:48 Siege Engineers
36:52 Coinage
37:52 Bodkin Arrow
39:15 Banking
43:15 Bracer
克莱因蓝
0:36 Loom
10:49 Feudal Age
16:48 Castle Age
16:01 Double-Bit Axe
16:17 Fletching
16:27 Horse Collar
22:39 Bow Saw
25:47 Wheelbarrow
30:13 Imperial Age
28:05 Gold Mining
28:14 Bodkin Arrow
29:06 Padded Archer Armor
29:50 Ballistics
29:14 Treadmill Crane
30:36 Leather Archer Armor
30:58 Bracer
31:59 Chemistry
32:01 Leather Archer Armor
32:06 Masonry
33:38 Hoardings
33:41 Elite Longbowman
36:22 Ring Archer Armor
36:14 Conscription
38:40 Guilds
41:22 Caravan
41:59 Murder Holes
42:14 Heavy Plow
43:21 Siege Engineers
44:42 Warwolf
46:36 Two-Man Saw
47:16 Yeomen
[BÜN] Mr. Grüezi
12:17 Loom
14:56 Feudal Age
18:30 Castle Age
16:46 Double-Bit Axe
17:01 Horse Collar
17:28 Man-at-Arms
18:13 Scale Mail Armor
18:26 Arson
18:36 Long Swordsman
19:52 Town Watch
27:00 Fletching
32:03 Bodkin Arrow
32:53 Bow Saw
35:31 Wheelbarrow
35:25 Heavy Plow
37:04 Hand Cart
37:02 Stone Mining
37:02 Gold Mining
40:31 Imperial Age
40:42 Imperial Age
38:43 Chain Mail Armor
38:38 Forging
38:11 Treadmill Crane
38:53 Ballistics
38:23 Guard Tower
38:44 Masonry
38:32 Pikeman
39:12 Squires
40:02 Murder Holes
40:11 Yasama
41:06 Caravan
41:37 Coinage
42:41 Two-Man Saw
41:44 Bracer
42:15 Plate Mail Armor
42:21 Iron Casting
41:18 Capped Ram
42:35 Siege Engineers
44:12 Chemistry
44:42 Keep
43:59 Arrowslits
44:36 Halberdier
46:18 Blast Furnace
46:31 Conscription
47:47 Kataparuto
Franczesco
11:38 Feudal Age
12:25 Double-Bit Axe
15:19 Castle Age
13:29 Gold Mining
17:07 Bow Saw
16:38 Horse Collar
16:45 Fishing Lines
19:12 Fletching
19:47 Loom
20:39 Wheelbarrow
19:52 Town Watch
20:45 Bodkin Arrow
22:14 Bloodlines
22:40 Padded Archer Armor
23:40 Gillnets
24:12 Heated Shot
24:44 Ballistics
26:23 Horse Collar
27:19 Gold Shaft Mining
27:13 Heavy Plow
29:56 Imperial Age
27:34 Padded Archer Armor
28:55 Leather Archer Armor
28:34 Stone Mining
29:58 Capped Ram
30:43 Bracer
31:43 Chemistry
30:20 Heavy Cavalry Archer
32:00 Ring Archer Armor
34:55 Coinage
35:17 Masonry
35:16 Silk Armor
37:00 Banking
36:47 Hand Cart
36:38 Scale Barding Armor
36:35 Husbandry
38:14 Conscription
38:23 Guilds
38:55 Timurid Siegecraft
39:27 Chain Barding Armor
39:17 Siege Engineers
38:52 Siege Ram
beneath mariana
6:30 Loom
11:29 Feudal Age
15:28 Castle Age
14:22 Double-Bit Axe
15:09 Horse Collar
22:05 Bow Saw
22:11 Gold Mining
23:31 Wheelbarrow
23:02 Stone Mining
23:18 Fishing Lines
23:52 Heavy Plow
25:57 Hand Cart
29:48 Imperial Age
27:07 Town Watch
27:23 Scale Mail Armor
27:34 Forging
28:21 Chain Mail Armor
28:37 Squires
29:34 Gold Shaft Mining
29:05 Gillnets
29:19 Caravan
29:14 Arson
31:07 Iron Casting
31:06 Plate Mail Armor
30:02 Shield Wall
31:23 Conscription
31:14 Elite Varangian Guard
33:49 Iron Casting
34:25 Fletching
35:01 Masonry
35:14 Ballistics
35:18 Guilds
35:28 Bodkin Arrow
35:00 Cranequins
35:02 Heavy Mounted Crossbowman
35:47 Thumb Ring
36:36 Hoardings
37:17 Chemistry
36:19 Bracer
36:19 Padded Archer Armor
35:58 Crossbowman
37:04 Elite Hearth Troop
38:28 Leather Archer Armor
41:13 Bloodlines
41:03 Husbandry
41:41 Ring Archer Armor
41:46 Thumb Ring
42:30 Elite Skirmisher
44:21 Architecture
ZiZi
1:24 Loom
9:36 Feudal Age
10:17 Double-Bit Axe
13:18 Wheelbarrow
19:24 Castle Age
19:06 Gold Mining
23:23 Bow Saw
27:17 Stone Mining
31:05 Hand Cart
34:35 Imperial Age
32:20 Scale Mail Armor
33:10 Forging
34:04 Chain Mail Armor
35:13 Iron Casting
34:39 Squires
34:25 Gambesons
34:26 Arson
34:55 Elite Throwing Axeman
36:06 Plate Mail Armor
36:16 Conscription
38:13 Blast Furnace
38:09 Ballistics
40:30 Chemistry
45:15 Masonry
46:55 Architecture
Connection lost

Rejoining the realm…

Still unreachable

The connection could not be restored.

Session expired

The server has moved on; the page needs a fresh start.